[Event "ICC tourney 2356 (30 5)"]
[Site "Internet Chess Club"]
[Date "2021.01.30"]
[Round "1"]
[White "SAJacob"]
[Black "kaiw49"]
[Result "0-1"]
[ICCResult "White checkmated"]
[WhiteElo "1164"]
[BlackElo "850"]
[Opening "English opening"]
[ECO "A20"]
[NIC "EO.24"]
[Time "10:21:14"]
[PlyCount "126"]
[TimeControl "1800+5"]

1. c4 e5 2. g3 Nf6 3. Bg2 Bc5 4. Nf3 Nc6 5. O-O d6 6. Nc3 Bg4 7. b3 O-O 8.
Bb2 Re8 9. e3 e4 10. Qc2 exf3 11. Bh1 Qe7 12. d4 Bb4 13. d5 Ne5 14. Ne4
Nxe4 15. Qxe4 Bh5 16. Bxe5 Qxe5 17. Qxe5 Rxe5 18. a3 Bc5 19. b4 Bb6 20. a4
Bg4 21. a5 Bxe3 22. fxe3 Rxe3 23. Kf2 Re2+ 24. Kg1 Rae8 25. Bxf3 Bxf3 26.
Rxf3 Re1+ 27. Rxe1 Rxe1+ 28. Rf1 Rxf1+ 29. Kxf1 Kf8 30. Ke2 Ke7 31. Ke3 Kd7
32. Kf4 c6 33. h4 b6 34. axb6 axb6 35. g4 c5 36. b5 Ke7 37. g5 g6 38. Kg4
f6 39. Kf4 fxg5+ 40. hxg5 Kf7 41. Kg4 Kg7 42. Kh4 h6 43. gxh6+ Kxh6 44. Kg4
g5 45. Kh3 Kg6 46. Kg4 Kf6 47. Kf3 Kf5 48. Ke3 g4 49. Kf2 Kf4 50. Kg2 g3
51. Kf1 Kf3 52. Kg1 g2 53. Kh2 Kf2 54. Kh3 g1=Q 55. Kh4 Qg2 56. Kh5 Qg3 57.
Kh6 Qg4 58. Kh7 Qg5 59. Kh8 Kf3 60. Kh7 Kf4 61. Kh8 Kf5 62. Kh7 Kf6 63. Kh8
Qg7# { White checkmated } 0-1

[Event "ICC tourney 2356 (30 5)"]
[Site "Internet Chess Club"]
[Date "2021.01.30"]
[Round "1"]
[White "kgtkgt2010"]
[Black "minecraft008"]
[Result "1-0"]
[ICCResult "Black checkmated"]
[WhiteElo "1295"]
[BlackElo "975"]
[Opening "Scandinavian (center counter) defense"]
[ECO "B01"]
[NIC "SD.02"]
[Time "10:21:31"]
[PlyCount "103"]
[TimeControl "1800+5"]

1. e4 d5 2. exd5 Qxd5 3. Nc3 Qd8 4. Nf3 Bg4 5. Bc4 e6 6. d3 Nf6 7. h3 Bxf3
8. Qxf3 c6 9. Bd2 Be7 10. O-O-O Nbd7 11. g4 Nd5 12. Bxd5 cxd5 13. Rde1 a6
14. Re2 b5 15. Rhe1 Nb6 16. Nd1 Qc7 17. Ba5 Qc6 18. Bxb6 Qxb6 19. Ne3 O-O
20. Rh1 Rac8 21. h4 d4 22. Nd5 exd5 23. Rxe7 Qc5 24. Re2 Rfe8 25. Rd1 Rxe2
26. Qxe2 b4 27. Rd2 a5 28. g5 g6 29. Qg4 a4 30. Qd7 Qc6 31. Qxc6 Rxc6 32.
Re2 b3 33. axb3 axb3 34. Kb1 bxc2+ 35. Rxc2 Rxc2 36. Kxc2 Kf8 37. b4 Ke7
38. b5 Kd6 39. Kb3 Kc5 40. Ka4 Kb6 41. Kb4 Kc7 42. Kc5 Kb7 43. b6 Kc8 44.
Kc6 Kb8 45. b7 Ka7 46. Kc7 Ka6 47. b8=Q Ka5 48. Kc6 Ka4 49. Kxd5 Ka3 50.
Kxd4 Ka2 51. Kc3 Ka1 52. Qb2# { Black checkmated } 1-0

[Event "ICC tourney 2356 (30 5)"]
[Site "Internet Chess Club"]
[Date "2021.01.30"]
[Round "1"]
[White "IxoyeMoguelLara"]
[Black "passedpawn2010"]
[Result "1-0"]
[ICCResult "Black checkmated"]
[WhiteElo "1312"]
[BlackElo "1000"]
[Opening "Four knights game"]
[ECO "C47"]
[NIC "KP.06"]
[Time "10:37:14"]
[PlyCount "101"]
[TimeControl "1800+5"]

1. e4 e5 2. Nf3 Nc6 3. Nc3 Nf6 4. d3 Bc5 5. Be2 O-O 6. O-O d6 7. Bd2 Re8 8.
Be3 Bxe3 9. fxe3 Bg4 10. Qd2 Ne7 11. Rae1 c5 12. d4 Nc6 13. d5 Ne7 14. b3
Qa5 15. Qd3 a6 16. a4 Rab8 17. Ra1 Ng6 18. Kh1 Qd8 19. Rf2 Nh5 20. Kg1 Bxf3
21. Rxf3 Qg5 22. g3 Nh4 23. Rf2 Ng6 24. Rf5 Qe7 25. Bxh5 Rf8 26. Raf1 Rbd8
27. Qe2 f6 28. Qg4 Qf7 29. Bxg6 hxg6 30. R5f3 Qe7 31. Qxg6 Qd7 32. Qf5 Qc7
33. g4 Rd7 34. Rh3 Kf7 35. Qe6+ Kg6 36. Qf5+ Kf7 37. Qe6+ Kg6 38. Rh5 Qa5
39. Qxd7 Qxc3 40. Qxd6 Qxe3+ 41. Rf2 Qe1+ 42. Kg2 Qxe4+ 43. Kg3 Qe3+ 44.
Rf3 Qe1+ 45. Kh3 Qe2 46. Rhf5 e4 47. Rf2 Qe3+ 48. Kh4 Qe1 49. Qxf8 e3 50.
Qe8+ Kh7 51. Rh5# { Black checkmated } 1-0

[Event "ICC tourney 2356 (30 5)"]
[Site "Internet Chess Club"]
[Date "2021.01.30"]
[Round "1"]
[White "YoungHytham"]
[Black "SAHYEric"]
[Result "1-0"]
[ICCResult "Black checkmated"]
[WhiteElo "644"]
[BlackElo "1031"]
[Opening "Queen's pawn game"]
[ECO "A45"]
[NIC "QP.07"]
[Time "11:28:27"]
[PlyCount "91"]
[TimeControl "1800+5"]

1. d4 Nf6 2. e3 g6 3. Nf3 Bg7 4. c4 d6 5. Nc3 O-O 6. Bd3 b6 7. O-O Bb7 8.
Bd2 c5 9. d5 Nbd7 10. b3 e6 11. e4 e5 12. Qc1 a6 13. Bh6 Qc7 14. Re1 Ng4
15. Bd2 Ngf6 16. Bh6 Rfe8 17. Bxg7 Kxg7 18. Ne2 b5 19. cxb5 axb5 20. Bxb5
Ba6 21. Bxa6 Rxa6 22. Ng3 Nf8 23. Qc4 Raa8 24. Qc1 h6 25. h3 N8h7 26. b4
Rab8 27. bxc5 dxc5 28. Qc2 Qd6 29. Rac1 Rbc8 30. Qb2 Rb8 31. Qc2 Rbc8 32.
Red1 Nf8 33. h4 N8d7 34. h5 Nxh5 35. Nh4 Nxg3 36. fxg3 h5 37. Qf2 Qf6 38.
Rc2 c4 39. Rdc1 Qxf2+ 40. Rxf2 Nf6 41. Rcf1 Nxe4 42. Rxf7+ Kh6 43. Rb1 c3
44. Rbb7 Rh8 45. Rg7 Kg5 46. Rxg6# { Black checkmated } 1-0

[Event "ICC tourney 2356 (30 5)"]
[Site "Internet Chess Club"]
[Date "2021.01.30"]
[Round "2"]
[White "BPNPanther"]
[Black "SpaceBorg"]
[Result "0-1"]
[ICCResult "White checkmated"]
[WhiteElo "984"]
[BlackElo "800"]
[Opening "Petrov: Cozio (Lasker) attack"]
[ECO "C42"]
[NIC "RG.03"]
[Time "12:30:35"]
[PlyCount "114"]
[TimeControl "1800+5"]

1. e4 e5 2. Nf3 Nf6 3. Nxe5 d6 4. Nf3 Nxe4 5. Qe2 Qe7 6. d3 Nf6 7. Qxe7+
Bxe7 8. Bg5 O-O 9. Bxf6 Bxf6 10. Be2 Bg4 11. c3 Re8 12. O-O Rxe2 13. h3
Bxf3 14. gxf3 Re8 15. Nd2 Nc6 16. Rae1 h6 17. Rxe8+ Rxe8 18. Ne4 Ne5 19.
Nxf6+ gxf6 20. Re1 Kf8 21. Kg2 Nxd3 22. Rxe8+ Kxe8 23. b3 Nc5 24. b4 Na4
25. c4 Nb2 26. c5 dxc5 27. bxc5 Nd3 28. f4 Nxf4+ 29. Kg3 Ne6 30. Kf3 Nxc5
31. Ke3 Ke7 32. Kd4 Ne6+ 33. Ke4 Ng5+ 34. Kf4 Nxh3+ 35. Kg3 Nxf2 36. Kxf2
Ke6 37. Kf3 Ke5 38. Ke3 c5 39. a3 h5 40. Kf3 h4 41. Kg2 c4 42. Kh3 c3 43.
Kxh4 c2 44. Kg3 c1=Q 45. Kf3 f5 46. Ke2 f4 47. Kd3 Qe3+ 48. Kc4 f3 49. Kb4
f2 50. a4 f1=Q 51. a5 Qff4+ 52. Kb5 Qff3 53. a6 Qb6+ 54. Kc4 Qd5+ 55. Kc3
Qbc6+ 56. Kb4 Qdb5+ 57. Ka3 Qcxa6# { White checkmated } 0-1

[Event "ICC tourney 2356 (30 5)"]
[Site "Internet Chess Club"]
[Date "2021.01.30"]
[Round "2"]
[White "SAWBStevie"]
[Black "SAJacob"]
[Result "1-0"]
[ICCResult "Black checkmated"]
[WhiteElo "908"]
[BlackElo "1164"]
[Opening "Scandinavian defense"]
[ECO "B01"]
[NIC "SD.03"]
[Time "12:30:36"]
[PlyCount "47"]
[TimeControl "1800+5"]

1. e4 d5 2. exd5 Nf6 3. d6 cxd6 4. Nc3 g6 5. Bc4 Bg7 6. Nf3 O-O 7. d3 Bf5
8. O-O a6 9. Bg5 b5 10. Bxf6 exf6 11. Bd5 Ra7 12. Qe2 Re8 13. Qd2 b4 14.
Na4 Qa5 15. Bb3 Rae7 16. Rae1 Nc6 17. c3 bxc3 18. Nxc3 Nb4 19. a3 Nxd3 20.
Rxe7 Rxe7 21. Nd5 Rb7 22. Qxa5 Rb5 23. Ne7+ Kf8 24. Qd8# { Black checkmated
} 1-0

[Event "ICC tourney 2356 (30 5)"]
[Site "Internet Chess Club"]
[Date "2021.01.30"]
[Round "2"]
[White "wileyhowe"]
[Black "SALucasJ"]
[Result "0-1"]
[ICCResult "White resigns"]
[WhiteElo "771"]
[BlackElo "1003"]
[Opening "Dutch with c4 & Nc3"]
[ECO "A85"]
[NIC "HD.05"]
[Time "12:31:14"]
[PlyCount "58"]
[TimeControl "1800+5"]

1. d4 f5 2. c4 Nf6 3. Nc3 g6 4. Nf3 Bg7 5. Bg5 O-O 6. e3 d6 7. Bd3 Nbd7 8.
O-O Re8 9. Qd2 e5 10. d5 e4 11. Be2 exf3 12. Bxf3 Ne5 13. Rfe1 Nxf3+ 14.
gxf3 h6 15. Bf4 Nh5 16. Ne2 Nxf4 17. exf4 b6 18. Ng3 Rxe1+ 19. Rxe1 Ba6 20.
b3 Qd7 21. Qe2 Bc3 22. Rd1 Re8 23. Qd3 Bf6 24. Kg2 b5 25. Rc1 bxc4 26. bxc4
Rb8 27. Qd2 g5 28. fxg5 Bxg5 29. Qe2 Bxc1 { White resigns } 0-1

[Event "ICC tourney 2356 (30 5)"]
[Site "Internet Chess Club"]
[Date "2021.01.30"]
[Round "2"]
[White "ItamarR"]
[Black "kgtkgt2010"]
[Result "0-1"]
[ICCResult "White checkmated"]
[WhiteElo "1016"]
[BlackElo "1295"]
[Opening "Scandinavian defense"]
[ECO "B01"]
[NIC "SD.03"]
[Time "12:31:14"]
[PlyCount "66"]
[TimeControl "1800+5"]

1. e4 d5 2. exd5 Nf6 3. Nc3 Nxd5 4. Nxd5 Qxd5 5. Nf3 Nc6 6. b3 Bg4 7. Be2
Bxf3 8. Bxf3 Qe5+ 9. Qe2 Qxa1 10. O-O Qf6 11. Qb5 Rb8 12. Qe2 Nd4 13. Qd3
Nxf3+ 14. Qxf3 Qxf3 15. gxf3 e6 16. d4 Rd8 17. c3 c5 18. dxc5 Bxc5 19. Kh1
Bxf2 20. Rxf2 Rd1+ 21. Kg2 Rxc1 22. c4 Ke7 23. Kh3 Rd8 24. Rg2 Rd3 25. Rxg7
Rxf3+ 26. Kg2 Rff1 27. Rxh7 Rfd1 28. Rh3 Rd2+ 29. Kg3 Rc3+ 30. Kg4 Rd4+ 31.
Kg5 Rxh3 32. b4 f6+ 33. Kg6 Rg4# { White checkmated } 0-1

[Event "ICC tourney 2356 (30 5)"]
[Site "Internet Chess Club"]
[Date "2021.01.30"]
[Round "2"]
[White "tisernhagen1"]
[Black "Aidenmaps"]
[Result "1-0"]
[ICCResult "Black resigns"]
[WhiteElo "1193"]
[BlackElo "985"]
[Opening "Giuoco Piano"]
[ECO "C54"]
[NIC "IG.02"]
[Time "12:30:37"]
[PlyCount "47"]
[TimeControl "1800+5"]

1. e4 e5 2. Nf3 Nc6 3. Bc4 Bc5 4. c3 Nf6 5. d4 exd4 6. e5 Ng4 7. cxd4 Bb4+
8. Bd2 Bxd2+ 9. Nbxd2 Nh6 10. O-O Nf5 11. Nb3 O-O 12. Qd3 d5 13. Bb5 Nb4
14. Qc3 Qe7 15. a3 Na6 16. Bxa6 bxa6 17. Nc5 Nh6 18. Qe3 Bg4 19. h3 Bxf3
20. Qxf3 f6 21. e6 c6 22. Rfe1 Rab8 23. b4 a5 24. Nd7 { Black resigns } 1-0

[Event "ICC tourney 2356 (30 5)"]
[Site "Internet Chess Club"]
[Date "2021.01.30"]
[Round "2"]
[White "SAHYEric"]
[Black "YouWonByLuck"]
[Result "0-1"]
[ICCResult "White checkmated"]
[WhiteElo "1031"]
[BlackElo "857"]
[Opening "Queen's pawn, Mason variation"]
[ECO "D00"]
[NIC "QP.08"]
[Time "12:30:44"]
[PlyCount "56"]
[TimeControl "1800+5"]

1. d4 d5 2. Bf4 c6 3. e3 Nf6 4. c3 Bf5 5. Bd3 Bxd3 6. Qxd3 e6 7. Nf3 Bd6 8.
Bg3 Bxg3 9. hxg3 Nbd7 10. Nbd2 Qc7 11. O-O-O O-O-O 12. Nb3 Nb6 13. Nfd2
Nfd7 14. f4 f5 15. Nf3 h6 16. Ne5 Nxe5 17. fxe5 g5 18. Nc5 h5 19. Nxe6 Qe7
20. Nxd8 Qxd8 21. Qxf5+ Nd7 22. g4 h4 23. b3 Rf8 24. Qd3 Rf2 25. Rh2 Rxa2
26. Qb1 Qa5 27. Qg6 Qxc3+ 28. Kb1 Qb2# { White checkmated } 0-1

[Event "ICC tourney 2356 (30 5)"]
[Site "Internet Chess Club"]
[Date "2021.01.30"]
[Round "2"]
[White "Leo2010Spurs"]
[Black "HYNoahAlexaderB"]
[Result "1-0"]
[ICCResult "Black checkmated"]
[WhiteElo "868"]
[BlackElo "1098"]
[Opening "King's Indian: London system"]
[ECO "A48"]
[NIC "QP.03"]
[Time "12:30:32"]
[PlyCount "61"]
[TimeControl "1800+5"]

1. d4 Nf6 2. Nf3 g6 3. Bf4 Bg7 4. e3 O-O 5. Bd3 d6 6. O-O Nbd7 7. Nc3 Re8
8. Re1 e5 9. Bg5 e4 10. Bxe4 h6 11. Bxf6 Nxf6 12. Bd3 b6 13. e4 Bb7 14. e5
dxe5 15. dxe5 Nh7 16. Bc4 Qd7 17. Qxd7 Bxf3 18. gxf3 Ng5 19. Qg4 Re7 20. f4
Nh7 21. e6 Rae8 22. exf7+ Rxf7 23. Rxe8+ Bf8 24. Bxf7+ Kxf7 25. Qe6+ Kg7
26. Re1 Kh8 27. Rxf8+ Nxf8 28. Qe8 Kg8 29. Re7 h5 30. Qf7+ Kh8 31. Qxf8# {
Black checkmated } 1-0

[Event "ICC tourney 2356 (30 5)"]
[Site "Internet Chess Club"]
[Date "2021.01.30"]
[Round "2"]
[White "alexandermps77"]
[Black "EthanVSA"]
[Result "1-0"]
[ICCResult "Black resigns"]
[WhiteElo "1120"]
[BlackElo "872"]
[Opening "Queen's pawn: Chigorin variation"]
[ECO "D00"]
[NIC "QP.08"]
[Time "12:31:14"]
[PlyCount "63"]
[TimeControl "1800+5"]

1. d4 d5 2. Nc3 e6 3. a3 Nf6 4. Bf4 c5 5. e4 dxe4 6. dxc5 Qxd1+ 7. Rxd1 a6
8. Bd6 Bxd6 9. cxd6 Bd7 10. Nge2 O-O 11. Ng3 Bc6 12. Bc4 Rd8 13. O-O h6 14.
Rfe1 b5 15. Ba2 Bd5 16. Bxd5 exd5 17. Nxd5 Nxd5 18. Rxd5 Nc6 19. Rxe4 Re8
20. Rxe8+ Rxe8 21. h3 Rd8 22. Nf5 h5 23. Ne7+ Nxe7 24. dxe7 Rxd5 25. e8=Q+
Kh7 26. Qxf7 Rd1+ 27. Kh2 Rd2 28. Qf5+ g6 29. Qf7+ Kh8 30. Qf4 Rxc2 31. Qe4
Rxb2 32. Qe5+ { Black resigns } 1-0

[Event "ICC tourney 2356 (30 5)"]
[Site "Internet Chess Club"]
[Date "2021.01.30"]
[Round "2"]
[White "Pawnmanicc"]
[Black "NTH2011"]
[Result "1-0"]
[ICCResult "Black checkmated"]
[WhiteElo "1281"]
[BlackElo "1118"]
[Opening "Old Benoni defense"]
[ECO "A43"]
[NIC "OI.09"]
[Time "12:30:32"]
[PlyCount "63"]
[TimeControl "1800+5"]

1. d4 c5 2. dxc5 Nc6 3. Nc3 e5 4. e3 Bxc5 5. Nf3 Nf6 6. Be2 d6 7. O-O O-O
8. e4 Bd4 9. Nxd4 exd4 10. Nb5 Nxe4 11. Nxd4 Ne5 12. Nf3 Ng4 13. Bd3 Nexf2
14. Rxf2 Qb6 15. Qf1 Bd7 16. h3 Nxf2 17. Qxf2 Qc6 18. Nd4 Qb6 19. Nb3 Qc7
20. Be3 a6 21. Qh4 f6 22. Qxh7+ Kf7 23. Bg6+ Ke7 24. Qxg7+ Ke6 25. Nd4+ Kd5
26. Bf7+ Ke4 27. Qg6+ Kxe3 28. Qd3+ Kf4 29. Rf1+ Kg5 30. Qg6+ Kh4 31. Rf4+
Bg4 32. Qxg4# { Black checkmated } 1-0

[Event "ICC tourney 2356 (30 5)"]
[Site "Internet Chess Club"]
[Date "2021.01.30"]
[Round "2"]
[White "ASJosh26"]
[Black "felix2021"]
[Result "0-1"]
[ICCResult "White resigns"]
[WhiteElo "1218"]
[BlackElo "978"]
[Opening "Petrov: Cozio (Lasker) attack"]
[ECO "C42"]
[NIC "RG.03"]
[Time "12:31:14"]
[PlyCount "132"]
[TimeControl "1800+5"]

1. e4 e5 2. Nf3 Nf6 3. Nxe5 d6 4. Nf3 Nxe4 5. Qe2 Qe7 6. d3 Nf6 7. Qxe7+
Bxe7 8. Be3 d5 9. Nbd2 Nc6 10. Be2 Nb4 11. Nd4 c5 12. c3 cxd4 13. cxb4 dxe3
14. fxe3 Bxb4 15. d4 Ne4 16. Bb5+ Bd7 17. Bxd7+ Kxd7 18. Rd1 Rac8 19. Rf1
Nxd2 20. Rxf7+ Ke6 21. Rxb7 Ba5 22. Rxa7 Nf3+ 23. Kf2 Rc2+ 24. Kxf3 Rf8+
25. Kg3 Bc7+ 26. Kh3 Rff2 27. Ra6+ Kd7 28. Rg1 h5 29. Ra7 Rf3+ 30. g3 Rxe3
31. Rf1 Ree2 32. Rf7+ Kd6 33. Ra6+ Rc6 34. Rxc6+ Kxc6 35. Rxg7 Rxb2 36. Rh7
Rxa2 37. Rxh5 Rd2 38. Rh6+ Kb5 39. Rh4 Kc4 40. Rh7 Bb8 41. Rb7 Bd6 42. Rd7
Bb8 43. Rd8 Rb2 44. Rh8 Kxd4 45. Rh4+ Kc5 46. Rh5 Kc4 47. Rh4+ d4 48. Kg4
Kc3 49. Kf3 d3 50. Ke3 Re2+ 51. Kf3 Re5 52. Rh8 Bd6 53. Rd8 Bc5 54. Kf4 Bd4
55. Rc8+ Kd2 56. Rc4 Bb2 57. Rb4 Kc1 58. Rc4+ Kb1 59. Rc8 Re1 60. Rd8 Rd1
61. Ke3 Rh1 62. Rxd3 Bc1+ 63. Ke4 Rxh2 64. Rd2 Rxd2 65. g4 Rg2 66. Kf3 Rg1
{ White resigns } 0-1

[Event "ICC tourney 2356 (30 5)"]
[Site "Internet Chess Club"]
[Date "2021.01.30"]
[Round "2"]
[White "augustgps230"]
[Black "calebru"]
[Result "1-0"]
[ICCResult "Black resigns"]
[WhiteElo "1183"]
[BlackElo "774"]
[Opening "French: Tarrasch, closed variation"]
[ECO "C05"]
[NIC "FR.14"]
[Time "12:30:35"]
[PlyCount "97"]
[TimeControl "1800+5"]

1. e4 e6 2. d4 d5 3. Nd2 Nf6 4. Bd3 Nxe4 5. Nxe4 dxe4 6. Bxe4 e5 7. Nf3
exd4 8. Qxd4 Qxd4 9. Nxd4 Bc5 10. Be3 O-O 11. O-O Re8 12. Bd3 Nc6 13. Nxc6
Bxe3 14. fxe3 bxc6 15. Rae1 Rb8 16. b3 c5 17. Bc4 Rf8 18. Rf2 Be6 19. Bxe6
fxe6 20. Ref1 e5 21. e4 a5 22. c4 c6 23. Rf5 Rxf5 24. Rxf5 Re8 25. Kf2 g6
26. Rf6 Rc8 27. Re6 Rf8+ 28. Ke3 Kf7 29. Rxc6 Ke7 30. Rxc5 a4 31. Rxe5+ Kd6
32. Ra5 axb3 33. axb3 Rb8 34. Rd5+ Ke6 35. Rb5 Rc8 36. Rd5 Rb8 37. Rb5 Rc8
38. Kd4 Rd8+ 39. Rd5 Rb8 40. Re5+ Kd6 41. c5+ Kc6 42. Kc4 Rd8 43. b4 Rd2
44. b5+ Kc7 45. Re7+ Kc8 46. Rxh7 Rc2+ 47. Kd5 Rd2+ 48. Kc6 Rd7 49. Rxd7 {
Black resigns } 1-0

[Event "ICC tourney 2356 (30 5)"]
[Site "Internet Chess Club"]
[Date "2021.01.30"]
[Round "2"]
[White "Leor2011"]
[Black "VictorH2010"]
[Result "1-0"]
[ICCResult "Black checkmated"]
[WhiteElo "785"]
[BlackElo "924"]
[Opening "Sicilian"]
[ECO "B53"]
[NIC "SI.01"]
[Time "12:30:35"]
[PlyCount "95"]
[TimeControl "1800+5"]

1. e4 c5 2. Nf3 d6 3. d4 Nc6 4. d5 Ne5 5. Bb5+ Nd7 6. O-O Nf6 7. Bxd7+ Bxd7
8. Nc3 Bg4 9. h3 Bh5 10. Qe2 g6 11. Qb5+ Nd7 12. Nd2 Bg7 13. Qxb7 O-O 14.
Qa6 g5 15. Qd3 Bg6 16. Qe2 Ne5 17. f4 gxf4 18. Rxf4 Qd7 19. Nf3 Nxf3+ 20.
Qxf3 Rad8 21. Rh4 Bf6 22. Rg4 Bg7 23. Rg3 e6 24. Bd2 exd5 25. exd5 Bxc2 26.
Ne4 Bxe4 27. Qf6 Bg6 28. Qh4 Be5 29. Rf3 Bxb2 30. Rb1 Bg7 31. Bh6 Bxh6 32.
Qxh6 Bxb1 33. Rg3+ Bg6 34. h4 Qe7 35. h5 Qe1+ 36. Kh2 Qe5 37. hxg6 fxg6 38.
Kh3 Qf5+ 39. Kh2 Qh5+ 40. Qxh5 c4 41. Qg4 c3 42. Rxc3 Rf5 43. Rf3 Rxd5 44.
Qe6+ Kg7 45. Qxd5 a6 46. Rf7+ Kg8 47. Rd7+ Kf8 48. Qf7# { Black checkmated
} 1-0

[Event "ICC tourney 2356 (30 5)"]
[Site "Internet Chess Club"]
[Date "2021.01.30"]
[Round "2"]
[White "NiccoloChess"]
[Black "BryBro"]
[Result "0-1"]
[ICCResult "White checkmated"]
[WhiteElo "1014"]
[BlackElo "1211"]
[Opening "Queen's pawn, Mason variation"]
[ECO "D00"]
[NIC "QP.08"]
[Time "12:30:31"]
[PlyCount "76"]
[TimeControl "1800+5"]

1. d4 d5 2. Bf4 Bf5 3. e3 Nf6 4. c3 e6 5. Nf3 Nbd7 6. Bd3 Bg6 7. Qc2 Nb6 8.
Nbd2 Bd6 9. Bg3 c6 10. O-O-O Qd7 11. Kb1 O-O-O 12. Ne5 Bxe5 13. dxe5 Nh5
14. Nf3 Nxg3 15. hxg3 Nc4 16. Bxc4 Bxc2+ 17. Kxc2 Qe7 18. Bb3 c5 19. Kb1 c4
20. Ba4 a6 21. Bc2 b5 22. Nd4 Qc7 23. f4 Kb7 24. g4 Qe7 25. f5 exf5 26.
gxf5 Qxe5 27. Ka1 Qxe3 28. Rhe1 Qg5 29. a3 Rhe8 30. b4 Re7 31. Bb1 Rde8 32.
Nc2 Rxe1 33. Nxe1 Kc6 34. Nf3 Qxg2 35. Nd4+ Kd6 36. Bc2 Qg3 37. Ne2 Rxe2
38. Bb1 Qxc3# { White checkmated } 0-1

[Event "ICC tourney 2356 (30 5)"]
[Site "Internet Chess Club"]
[Date "2021.01.30"]
[Round "2"]
[White "Oliver1004"]
[Black "Gaku398973"]
[Result "0-1"]
[ICCResult "White resigns"]
[WhiteElo "565"]
[BlackElo "1310"]
[Opening "Philidor's defense"]
[ECO "C41"]
[NIC "KP.10"]
[Time "12:31:00"]
[PlyCount "94"]
[TimeControl "1800+5"]

1. e4 e5 2. Nf3 d6 3. c3 Be7 4. d4 exd4 5. cxd4 Bg4 6. Nc3 Nc6 7. Bd3 Nxd4
8. Be3 Nxf3+ 9. gxf3 Bh3 10. Bd4 Bf6 11. Be3 Qe7 12. Qd2 Bg2 13. Rg1 Bxf3
14. Be2 Bxe2 15. Qxe2 Bxc3+ 16. bxc3 Qxe4 17. Rxg7 Qh1+ 18. Qf1 Qxf1+ 19.
Kxf1 Kf8 20. Bh6 Nxh6 21. Rg3 Rg8 22. Re3 Re8 23. Rf3 Ng4 24. Kg2 Ne5+ 25.
Rg3 Rxg3+ 26. hxg3 Nd3 27. Rb1 b6 28. Rd1 Nc5 29. Rd4 Re2 30. Kf3 Rxa2 31.
Rh4 Ra3 32. Rxh7 Rxc3+ 33. Kg2 Ke7 34. g4 Ne4 35. f3 Ng5 36. Rg7 Nxf3 37.
g5 Nxg5 38. Rxg5 Rc5 39. Rg7 a5 40. Kf2 a4 41. Rg3 b5 42. Ke2 b4 43. Re3+
Kd7 44. Re4 d5 45. Rxb4 Ra5 46. Kd2 a3 47. Kc1 a2 { White resigns } 0-1

[Event "ICC tourney 2356 (30 5)"]
[Site "Internet Chess Club"]
[Date "2021.01.30"]
[Round "2"]
[White "passedpawn2010"]
[Black "SAIsaiah2010"]
[Result "0-1"]
[ICCResult "White checkmated"]
[WhiteElo "1000"]
[BlackElo "837"]
[Opening "QGD: Marshall defense"]
[ECO "D06"]
[NIC "QP.08"]
[Time "12:30:34"]
[PlyCount "76"]
[TimeControl "1800+5"]

1. d4 d5 2. c4 Nf6 3. cxd5 Nxd5 4. e4 Nb6 5. Nc3 g6 6. Nf3 Bg4 7. Be2 Bg7
8. Be3 O-O 9. h3 Be6 10. d5 Bd7 11. Bd4 f6 12. O-O c6 13. Qb3 Kh8 14. dxc6
Nxc6 15. Rad1 Nxd4 16. Rxd4 f5 17. Rd2 fxe4 18. Nxe4 Qe8 19. Rfd1 Ba4 20.
Qb4 Bxd1 21. Rxd1 Rd8 22. Rxd8 Qxd8 23. Neg5 Nd5 24. Qxb7 Nf4 25. Qe4 h6
26. g3 Nxe2+ 27. Qxe2 hxg5 28. Nxg5 Rf6 29. Qe4 Qd1+ 30. Kg2 Qd2 31. Qh4+
Kg8 32. Qc4+ e6 33. Qc8+ Rf8 34. Qxe6+ Kh8 35. Ne4 Bd4 36. Qd6 Rxf2+ 37.
Nxf2 Qxf2+ 38. Kh1 Qg1# { White checkmated } 0-1

[Event "ICC tourney 2356 (30 5)"]
[Site "Internet Chess Club"]
[Date "2021.01.30"]
[Round "2"]
[White "SAanjyu"]
[Black "IxoyeMoguelLara"]
[Result "0-1"]
[ICCResult "White checkmated"]
[WhiteElo "1125"]
[BlackElo "1312"]
[Opening "Sicilian defense"]
[ECO "B30"]
[NIC "SI.31"]
[Time "12:30:50"]
[PlyCount "66"]
[TimeControl "1800+5"]

1. e4 c5 2. Nf3 Nc6 3. Bc4 d6 4. d4 cxd4 5. Nxd4 Bd7 6. O-O Nf6 7. Nc3 g6
8. Bg5 Bg7 9. h3 O-O 10. Nce2 Nxe4 11. Be3 Na5 12. Bd5 Nf6 13. Bf3 e5 14.
Nb3 e4 15. Bg4 Nxg4 16. hxg4 Nc4 17. Nbd4 Bxg4 18. b3 Nxe3 19. fxe3 Qh4 20.
Rc1 Bxd4 21. exd4 Qh5 22. Re1 Qg5 23. d5 f5 24. Qd4 Bxe2 25. Rxe2 Qxc1+ 26.
Kf2 Rac8 27. c4 b5 28. cxb5 Qf4+ 29. Ke1 Rc1+ 30. Qd1 Rfc8 31. Rd2 Qe3+ 32.
Kf1 Qxd2 33. Qxc1 Rxc1# { White checkmated } 0-1

[Event "ICC tourney 2356 (30 5)"]
[Site "Internet Chess Club"]
[Date "2021.01.30"]
[Round "2"]
[White "SALucas"]
[Black "RohanL"]
[Result "1/2-1/2"]
[ICCResult "Game drawn because neither player has mating material"]
[WhiteElo "1286"]
[BlackElo "1120"]
[Opening "Queen's pawn, Mason variation"]
[ECO "D00"]
[NIC "QP.08"]
[Time "12:30:37"]
[PlyCount "140"]
[TimeControl "1800+5"]

1. d4 d5 2. Bf4 Nf6 3. e3 c5 4. Nf3 Nc6 5. Nc3 Bf5 6. Bb5 Qb6 7. a4 e6 8.
a5 Qd8 9. Ne5 Rc8 10. a6 Qb6 11. axb7 Qxb7 12. Nxc6 Rxc6 13. Bxc6+ Qxc6 14.
Rxa7 cxd4 15. exd4 Bb4 16. O-O Bxc3 17. bxc3 O-O 18. Rc7 Qb6 19. Qb1 Qxb1
20. Rxb1 Bxc2 21. Rbb7 Nh5 22. Bd6 Ra8 23. Ra7 Rd8 24. Be5 Rb8 25. h3 f6
26. Rxg7+ Nxg7 27. Bxb8 Nf5 28. Bf4 Be4 29. Ra8+ Kg7 30. Ra7+ Kg6 31. g4
Nh4 32. Bg3 Nf3+ 33. Kf1 e5 34. dxe5 fxe5 35. Ra6+ Kf7 36. Ra7+ Kg6 37. h4
Bd3+ 38. Kg2 Ne1+ 39. Kh3 Bf1+ 40. Kh2 Nf3+ 41. Kh1 Bh3 42. h5+ Kh6 43.
Ra6+ Kg5 44. Ra8 Bxg4 45. Rh8 h6 46. Rg8+ Kxh5 47. Rd8 d4 48. cxd4 exd4 49.
Bf4 Bf5 50. Rh8 Ng5 51. Bxg5 Kxg5 52. Kg2 Kf4 53. Rxh6 d3 54. Rd6 Ke4 55.
f3+ Ke3 56. Kg3 d2 57. Rd8 Bc2 58. Re8+ Kd3 59. Rd8+ Kc3 60. Rc8+ Kb2 61.
Rb8+ Bb3 62. Rd8 Kc1 63. f4 d1=Q 64. Rxd1+ Bxd1 65. f5 Bb3 66. Kf4 Kd2 67.
Kg5 Kd3 68. Kg6 Ke4 69. f6 Ke5 70. f7 Bxf7+ { Game drawn because neither
player has mating material } 1/2-1/2

[Event "ICC tourney 2356 (30 5)"]
[Site "Internet Chess Club"]
[Date "2021.01.30"]
[Round "2"]
[White "cupicol600"]
[Black "adlerbe"]
[Result "0-1"]
[ICCResult "White checkmated"]
[WhiteElo "826"]
[BlackElo "1028"]
[Opening "QGD Slav: 4.Nc3"]
[ECO "D15"]
[NIC "SL.03"]
[Time "12:30:42"]
[PlyCount "120"]
[TimeControl "1800+5"]

1. d4 d5 2. c4 c6 3. Nc3 Nf6 4. Nf3 Bf5 5. Qb3 Qc7 6. Bg5 e6 7. e3 Ne4 8.
Bf4 Bd6 9. Bxd6 Nxd6 10. c5 Ne4 11. Nxe4 Bxe4 12. Be2 Qa5+ 13. Nd2 b6 14.
Qc3 Qxc3 15. bxc3 Bg6 16. cxb6 axb6 17. O-O O-O 18. Nf3 Nd7 19. Nh4 Be4 20.
Bf3 Bxf3 21. Nxf3 Nf6 22. Rfc1 Ne4 23. c4 Rfc8 24. cxd5 cxd5 25. Rxc8+ Rxc8
26. g3 f6 27. Rb1 Rc6 28. h4 Nc3 29. Rc1 Ne2+ 30. Kf1 Nxc1 31. a3 Nb3 32.
Ke2 Rc2+ 33. Ke1 Ra2 34. Kf1 Rxa3 35. Kg2 b5 36. Kf1 Ra2 37. Ke1 b4 38. Ng1
Nd2 39. Nh3 Ne4 40. Kf1 b3 41. Ke1 b2 42. Kf1 b1=Q+ 43. Kg2 Ra1 44. Kf3
Qd1+ 45. Kf4 f5 46. Ke5 g6 47. Kxe6 Ra6+ 48. Kxd5 Qb3+ 49. Ke5 Qb8+ 50. Kd5
Qd6+ 51. Kc4 Ra4+ 52. Kd3 Nxf2+ 53. Nxf2 Qa3+ 54. Ke2 Qb2+ 55. Kf3 Ra2 56.
Nh3 Qg2+ 57. Kf4 Qe4+ 58. Kg5 Qg4+ 59. Kf6 Ra6+ 60. Ke5 Qe4# { White
checkmated } 0-1